 Dungeon Crawl Stone Soup version 0.30-a0-347-gf58ed5266c (webtiles) character file.

Game seed: 9382751591826845880

503 deliciousbreakfast the Sneak (level 7, 0/40 HPs)
             Began as a Kobold Enchanter on Nov 5, 2022.
             Was an Initiate of Dithmenos.
             Slain by an ice beast (6 damage)
             ... on level 6 of the Dungeon.
             The game lasted 00:26:23 (4934 turns).

deliciousbreakfast the Sneak (Kobold Enchanter)     Turns: 4934, Time: 00:26:23

Health: 0/40       AC:  2    Str: 11    XL:     7   Next: 40%
Magic:  11/11      EV: 16    Int: 16    God:    Dithmenos [......]
Gold:   233        SH:  0    Dex: 18    Spells: 2/12 levels left

rFire   . . .      SeeInvis .    d - +0 dagger (venom)
rCold   . . .      Faith    .    (no shield)
rNeg    . . .      Spirit   .    b - +0 robe
rPois   +          Reflect  .    (no helmet)
rElec   .          Harm     .    (no cloak)
rCorr   .          Rampage  .    (no gloves)
Will    .....                    (no boots)
Stlth   ++++......               g - amulet of regeneration
HPRegen 1.06/turn                S - +6 ring of strength
MPRegen 0.12/turn                P - ring of poison resistance

@: no status effects
A: small, no large weapons, nightstalker 3
a: Renounce Religion


You were on level 6 of the Dungeon.
You worshipped Dithmenos.
Dithmenos was noncommittal.
You visited 2 branches of the dungeon, and saw 7 of its levels.

You collected 233 gold pieces.


Innate Abilities, Weirdness & Mutations

You are small and have problems with some larger weapons.
You are completely attuned to the shadows.


   Skills:
 + Level 2.1 Fighting
 + Level 3.2 Short Blades
 + Level 1.1 Armour
 + Level 3.9 Dodging
 + Level 5.3 Stealth
 + Level 3.2 Spellcasting
 * Level 4.1 Hexes
 * Level 0.5 Transmutations
 - Level 2.0 Ice Magic
 - Level 2.0 Earth Magic


You had 2 spell levels left.
You knew the following spells:

 Your Spells              Type           Power      Damage    Failure   Level
c - Confusing Touch       Hex            15%        N/A       10%         3
e - Ensorcelled Hibernat  Hex/Ice        24%        N/A       8%          2
p - Passwall              Tmut/Erth      5%         N/A       16%         2
t - Tukima's Dance        Hex            15%        N/A       10%         3

Your spell library contained the following spells:

 Spells                   Type           Power      Damage    Failure   Level
 Beastly Appendage        Tmut           8%         N/A       14%         1
 Sting                    Tmut/Pois      12%        1d3       16%         1
 Apportation              Tloc           4%         N/A       19%         1
 Summon Small Mammal      Summ           8%         N/A       19%         1
 Wereblood                Tmut           4%         N/A       22%         2
 Poisonous Vapours        Pois/Air       4%         N/A       28%         2
 Dazzling Flash           Conj/Hex       18%        N/A       24%         3
 Summon Guardian Golem    Hex/Summ       9%         N/A       24%         3
 Stone Arrow              Conj/Erth      10%        3d7       36%         3
 Spider Form              Tmut/Pois      3%         N/A       43%         3
 Call Canine Familiar     Summ           2%         N/A       50%         3
 Swiftness                Air            2%         N/A       50%         3
 Anguish                  Hex/Necr       4%         N/A       61%         4
 Animate Armour           Summ/Erth      10%        N/A       77%         4
 Olgreb's Toxic Radiance  Pois           2%         N/A       88%         4
 Alistair's Intoxication  Tmut/Pois      2%         N/A       99%         5
 Lehudib's Crystal Spear  Conj/Erth      2%         10d2      100%        8

Inventory:

Hand Weapons
 d - a +0 dagger of venom (weapon)
   (You found it on level 6 of the Dungeon)
 t - a +3 dagger
   (You found it on level 2 of the Dungeon)
Missiles
 e - 28 stones (quivered)
 f - 4 boomerangs
 p - 14 poisoned darts
Armour
 b - a +0 robe (worn)
 m - a +0 leather armour
   (You took it off an orc on level 3 of the Dungeon)
 A - a +0 robe
   (You found it on level 4 of the Dungeon)
 B - a +0 leather armour
   (You took it off Eustachio on level 4 of the Dungeon)
 E - a +0 scale mail
   (You found it on level 3 of the Dungeon)
Magical Staves
 c - a staff of air {!a}
   (You found it on level 5 of the Dungeon)
Jewellery
 g - an amulet of regeneration (around neck)
   (You found it on level 4 of the Dungeon)
 G - an amulet of guardian spirit
   (You took it off a gnoll on level 3 of the Dungeon)
 P - a ring of poison resistance (right hand)
   (You found it on level 5 of the Dungeon)
 S - a +6 ring of strength (left hand)
   (You found it on level 1 of the Dungeon)
Wands
 a - a wand of flame (7)
   (You found it on level 3 of the Dungeon)
 x - a wand of charming (14)
   (You found it on level 4 of the Dungeon)
Scrolls
 i - 2 scrolls of fear
 j - 5 scrolls of identify {@r1}
 k - 2 scrolls of summoning {unknown}
 q - 2 scrolls of immolation {!r!r}
 v - a scroll of enchant armour {unknown}
 y - 2 scrolls of noise {unknown}
 z - a scroll of vulnerability {unknown}
 F - a scroll of acquirement {unknown}
Potions
 h - a potion of might
 l - 2 potions of flight
 n - a potion of haste {@q3}
 o - a potion of experience {unknown}
 r - 4 potions of brilliance {unknown}
 s - a potion of curing {@q1}
 u - a potion of mutation {unknown}
 w - 3 potions of lignification {!q}
 C - a potion of cancellation {unknown}
 D - a potion of degeneration {unknown}

Dungeon Overview and Level Annotations

Branches:
Dungeon (6/15) Zot: 24447  Temple (1/1) D:4 Zot: 5955

Altars:
Ashenzari
Dithmenos
Elyvilon
Fedhas
Hepliaklqana
Kikubaaqudgha
Makhleb
Nemelex Xobeh
Qazlal
Uskayaw
Vehumet
Wu Jian
Xom
Zin

Shops:
D:1 [

Annotations:
D:2 exclusion: downstairs

#.# .#.#
.#.#####.#.#
.........#.###
##.###@..#.#..
..$?.Y...#.#.#####
.)...###.#.#.....#
##.......#.#..##.#
..........>......#
##....####.##....#
# #.....
.........#.##
.....#<......#
.....#.#..####


You could see an ice beast.


Message History

You now have 219 gold pieces (gained 12).
A scorpion comes into view.
You enter the shallow water.
Moving in this stuff is going to be slow.
Your unstable footing causes you to fumble your attack.
Your unstable footing causes you to fumble your attack.
The scorpion stings you. 😕 HP[-6]
You take 6 damage, and now have 34/40 hp.
You hit the scorpion but do no damage.
The scorpion splashes around in the water. x2 😕 HP[+1]
You hit the scorpion but do no damage.
The scorpion is poisoned.
The scorpion stings you! 😮 HP[-6]
You take 6 damage, and now have 29/40 hp.
Unknown command. 😮 HP[+1] Unknown command.
You hit the scorpion.
The scorpion looks as sick as possible!
The scorpion splashes around in the water. 😕 HP[+1]
You hit the scorpion but do no damage.
The scorpion looks as sick as possible!
The scorpion barely misses you. 😕 HP[+1]
You kill the scorpion!
Dithmenos accepts your kill.
Your Armour skill increases to level 1! 😕 HP[+1]
You enter the shallow water.
Moving in this stuff is going to be slow.
There is a large open door here.
The angel lectures its feet at length about the books of the Law.
The angel rambles incoherently.
There is a shimmering altar of Xom here.
The angel hits itself but does no damage.
The angel hits itself with a +3 whip of holy wrath!
An orc comes into view. It is wielding a +0 flail. 😎 HP[+7]
Your hp is fully restored (40).
Unknown command.
There is a stone staircase leading down here.
You climb downwards.
There is a stone staircase leading up here.
The helpless adder fails to defend itself.
You impale the adder!!
You kill the adder!
Dithmenos accepts your kill.
Found a stone staircase leading down.
Okay, then.
Unknown command.
You now have 225 gold pieces (gained 6).
l - 2 potions of flight (gained 1)
You now have 233 gold pieces (gained 8).
An ice beast comes into view.
The ice beast hits you. The ice beast freezes you! 😮 HP[-15]
You take 15 damage, and now have 25/40 hp.
MASSIVE DAMAGE!! (PAUSE)
The ice beast attacks as you move away! The ice beast hits you.
The ice beast freezes you.
* * * LOW HITPOINT WARNING * * *
😨 HP[-9]
You take 9 damage, and now have 16/40 hp.
MASSIVE DAMAGE!! (PAUSE) Unknown command. 😨 HP[+1] Unknown command.
Unknown command.
Casting: Tukima's Dance (dangerous; 10% risk of failure)
Confirm with . or Enter, or press ? or * to list all spells.
Okay, then.
Aiming: Throw Flame
Press: ? - help, Shift-Dir - straight line, f - ice beast
Aim: an ice beast (68% to hit)
The puff of flame hits the ice beast.
The ice beast melts!
The ice beast hits you.
* * * LOW HITPOINT WARNING * * *
The ice beast freezes you!
* * * LOW HITPOINT WARNING * * *
😱 HP[-10]
You take 10 damage, and now have 7/40 hp.
MASSIVE DAMAGE!! (PAUSE)
Okay, then.
Unknown command.
Aiming: Throw Flame
Press: ? - help, Shift-Dir - straight line, f/p - ice beast
Aim: an ice beast (lightly wounded, 68% to hit)
The puff of flame hits the ice beast!
The ice beast melts!
The ice beast misses you. 😱 HP[+1] Unknown command.
Aiming: Throw Flame
Press: ? - help, Shift-Dir - straight line, f/p - ice beast
Aim: an ice beast (moderately wounded, 68% to hit)
The puff of flame hits the ice beast!
The ice beast melts!
The ice beast hits you.
* * * LOW HITPOINT WARNING * * *
The ice beast freezes you.
You die...

Skill      XL: |  1  2  3  4  5  6  7 |
---------------+----------------------+-----
Short Blades   | 2 3 |  3.2
Fighting       | 1 2 |  2.1
Dodging        | 3 |  3.9
Earth Magic    | 1 2 |  2.0
Stealth        | 5 |  5.3
Spellcasting   | 3 |  3.2
Ice Magic      | 1 2 |  2.0
Hexes          | 4 |  4.1
Armour         | 1 |  1.1
Transmutations | |  0.5

Action                   |  1- 3 |  4- 6 |  7- 9 || total
-------------------------+-------+-------+-------++-------
Melee: Dagger            |    92 |    62 |    31 ||   185
       Punch             |       |     1 |       ||     1
 Cast: Ensorcelled Hiber |       |     8 |     5 ||    13
       Tukima's Dance    |       |     1 |     3 ||     4
Evoke: Wand              |       |       |     5 ||     5
  Use: Potion            |       |     6 |     1 ||     7
       Scroll            |       |     4 |       ||     4
 Stab: Sleeping          |    18 |    15 |     4 ||    37
Armor: Robe              |     5 |    11 |     2 ||    18
Dodge: Dodged            |    52 |    61 |    20 ||   133

Levels and vault maps discovered:
D:1:      ncdulo_wetmaze, layout_loops_cross, serial_shops,
          nicolae_shop_competitors_out_of_business, minivault_19
D:2:      layout_basic, basic_altar
D:3:      minmay_general_purpose_star, layout_basic, grunt_temple_overflow_open,
          serial_corexii_hall, chequers_hall_statues_y,
          chequers_hall_statues_wall_a, minmay_ruptured
D:4:      layout_loops_corners, mainiacjoe_overflow_brackets, kennysheep_mini,
          minmay_temple_entry_statues, roderic_lattice_a, uniq_eustachio
D:5:      layout_basic, grunt_temple_overflow_order_and_chaos_1,
          kennysheep_generic_room_5
D:6:      layout_basic, chequers_decorated_corner
Temple:   nicolae_temple_bog_church

Notes
Turn   | Place    | Note
-------+----------+-------------------------------------------
     0 | D:1      | deliciousbreakfast the Kobold Enchanter began the quest for
                  | the Orb.
     0 | D:1      | Reached XP level 1. HP: 10/10 MP: 3/3
     0 | D:1      | magus.rc [v1.11.3]
   166 | D:1      | Reached XP level 2. HP: 10/15 MP: 5/5
   201 | D:1      | Found Ymunik's Armour Boutique.
   415 | D:1      | Reached XP level 3. HP: 12/20 MP: 6/6
   452 | D:1      | Learned a level 2 spell: Ensorcelled Hibernation
   571 | D:1      | You pick up a book of Changes and begin reading...
   571 | D:1      | You add the spells Beastly Appendage, Wereblood and Spider
                  | Form to your library.
   673 | D:1      | Reached skill level 2 in Short Blades
   983 | D:2      | Found an ornate altar of the Wu Jian Council.
  1298 | D:2      | You pick up a book of Burglary and begin reading...
  1298 | D:2      | You add the spells Passwall and Swiftness to your library.
  1303 | D:2      | Learned a level 3 spell: Tukima's Dance
  1306 | D:2      | Learned a level 2 spell: Passwall
  1843 | D:3      | Reached skill level 1 in Fighting
  1843 | D:3      | Reached skill level 3 in Dodging
  1843 | D:3      | Reached XP level 4. HP: 25/25 MP: 7/7
  1887 | D:3      | You add the spells Sting, Poisonous Vapours and Olgreb's
                  | Toxic Radiance to your library.
  1910 | D:3      | Noticed an ice beast
  2003 | D:3      | HP: 6/25 [spore (19)]
  2120 | D:3      | HP: 7/37 [poisoned by you (poison gas)]
  2121 | D:3      | HP: 3/37 [poisoned by you (poison gas)]
  2298 | D:3      | You fall into a shaft and drop 3 floors!
  2329 | D:6      | Noticed a sky beast
  2331 | D:5      | Entered Level 5 of the Dungeon
  2335 | D:5      | Noticed an ogre
  2494 | D:4      | You pick up a book of Callings and begin reading...
  2494 | D:4      | You add the spells Summon Small Mammal, Call Canine
                  | Familiar and Summon Guardian Golem to your library.
  2512 | D:4      | You pick up a book of Dreams and begin reading...
  2524 | D:4      | Found a burning altar of Makhleb.
  2582 | D:4      | Found a white marble altar of Elyvilon.
  2897 | D:4      | Found a staircase to the Ecumenical Temple.
  2915 | Temple   | Entered the Ecumenical Temple
  2949 | Temple   | Became a worshipper of Dithmenos the Shadowed
  3120 | D:3      | Reached skill level 1 in Earth Magic
  3120 | D:3      | Reached XP level 5. HP: 16/29 MP: 9/9
  3164 | D:3      | You pick up a book of Party Tricks and begin reading...
  3164 | D:3      | You add the spells Apportation and Alistair's Intoxication
                  | to your library.
  3221 | D:4      | Noticed Eustachio
  3226 | D:4      | Killed Eustachio
  3227 | D:4      | Reached skill level 5 in Stealth
  3227 | D:4      | Reached skill level 3 in Spellcasting
  3227 | D:4      | Reached skill level 1 in Ice Magic
  3227 | D:4      | Reached XP level 6. HP: 34/34 MP: 7/10
  3296 | D:4      | You pick up a book of Armaments and begin reading...
  3296 | D:4      | You add the spells Stone Arrow, Animate Armour and
                  | Lehudib's Crystal Spear to your library.
  3429 | D:4      | Reached skill level 2 in Earth Magic
  3691 | D:3      | Found a radiant altar of Vehumet.
  3697 | D:3      | Found an ornate altar of the Wu Jian Council.
  3859 | D:3      | Reached skill level 3 in Short Blades
  4138 | D:4      | Reached XP level 7. HP: 39/39 MP: 11/11
  4243 | D:5      | Found a glowing silver altar of Zin.
  4294 | D:5      | HP: 9/39 [white imp/puff of frost (11)]
  4428 | D:5      | Reached skill level 2 in Fighting
  4428 | D:5      | Reached skill level 4 in Hexes
  4458 | D:5      | HP: 5/40 [ogre/+0 giant club (11)]
  4664 | D:5      | Noticed an angel
  4667 | D:5      | Found a shimmering altar of Xom.
  4693 | D:5      | Reached skill level 2 in Ice Magic
  4708 | D:5      | Learned a level 3 spell: Confusing Touch
  4794 | D:5      | Reached skill level 1 in Armour
  4932 | D:6      | HP: 7/40 [ice beast (7)]
  4934 | D:6      | Slain by an ice beast

Vanquished Creatures
  Eustachio (D:4)
  A scorpion (D:5)
  3 iguanas
  6 adders
  8 gnolls
  A white imp (D:5)
  A worm (D:2)
  6 dart slugs
  3 orcs
  7 bats
  4 endoplasms
  4 giant cockroaches (D:1)
  3 goblins
  5 hobgoblins
  7 jackals
  4 kobolds
  2 ball pythons
  2 frilled lizards
  4 rats
72 creatures vanquished.

Vanquished Creatures (others)
  A dancing weapon (D:5)
1 creature vanquished.

Grand Total: 73 creatures vanquished

Table legend:
 A = Non-vault XP
 B = Vault XP
 C = Vault XP percentage of total XP
 D = Non-vault monster count
 E = Vault monster count
 F = Vault count percentage of total count
                 A         B        C        D         E       F
            +---------+---------+-------+---------+---------+-------
      Total |     471 |     248 |  34.5 |      64 |       8 |  11.1
            +---------+---------+-------+---------+---------+-------
        D:1 |      45 |       0 |   0.0 |      22 |       0 |   0.0
        D:2 |      15 |       0 |   0.0 |       6 |       0 |   0.0
        D:3 |     109 |      37 |  25.3 |      15 |       7 |  31.8
        D:4 |     104 |     211 |  67.0 |      15 |       1 |   6.2
        D:5 |     185 |       0 |   0.0 |       5 |       0 |   0.0
        D:6 |      13 |       0 |   0.0 |       1 |       0 |   0.0
            +---------+---------+-------+---------+---------+-------

Illustrated notes

Table legend:
 A = Kills in this place as a percentage of kills in entire the game.
 B = Kills by you in this place as a percentage of kills by you in the entire game.
 C = Kills by friends in this place as a percentage of kills by friends in the entire game.
 D = Other kills in this place as a percentage of other kills in the entire game.
 E = Experience gained in this place as a percentage of experience gained in the entire game.
 F = Experience gained in this place divided by the number of levels of this place that you have seen.
                   A       B       C       D       E      F
               +-------+-------+-------+-------+-------+----------------------
         Total | 100.0 | 100.0 |   N/A |   N/A | 100.0 | 102.7
       Dungeon | 100.0 | 100.0 |   N/A |   N/A | 100.0 | 119.8
               +-------+-------+-------+-------+-------+----------------------

Table legend: (Time is in decaauts)
 A = Elapsed time spent in this place.
 B = Non-inter-level travel time spent in this place.
 C = Inter-level travel time spent in this place.
 D = Time resting spent in this place.
 E = Time spent auto-exploring this place.
 F = Levels seen in this place.
 G = Mean time per level.
                   A        B        C        D        E       F      G
               +--------+--------+--------+--------+--------+-----+--------+
         Total |   4915 |   4529 |    386 |      0 |   3446 |   7 |  702.1 |
       Dungeon |   4870 |   4493 |    377 |      0 |   3421 |   6 |  811.7 |
        Temple |     45 |     36 |      9 |      0 |     25 |   1 |   45.0 |
               +--------+--------+--------+--------+--------+-----+--------+

Top non-repeatable levels by time:
     D:4: 1253 daAuts
     D:3: 1046 daAuts
     D:1: 974 daAuts
     D:2: 872 daAuts
     D:5: 660 daAuts
     D:6: 62 daAuts
  Temple: 45 daAuts
